 Dungeon Crawl Stone Soup version 0.17-a0-1397-g0eee0a3 (webtiles) character file.

15507 urechis the Fighter (level 12, -8/118 HPs)
             Began as a Hill Orc Gladiator on June 17, 2015.
             Was a High Priest of Makhleb.
             Mangled by Rupert
             ... wielding a +1 battleaxe of freezing
              (11 damage)
             ... on level 12 of the Dungeon.
             The game lasted 00:54:23 (15161 turns).

urechis the Fighter (Hill Orc Gladiator)           Turns: 15161, Time: 00:54:23

Health: -8/118     AC: 23    Str: 21    XL:     12   Next: 27%
Magic:  17/17      EV:  8    Int:  8    God:    Makhleb [*****.]
Gold:   817        SH:  0    Dex: 15    Spells: 0 memorised, 11 levels left

rFire  . . .     SeeInvis +     w - +0 battleaxe (venom)
rCold  . . .     Clarity  +     z - +0 plate armour
rNeg   . . .     SustAt   .     (no shield)
rPois  .         Gourm    .     h - +2 helmet {SInv}
rElec  .         Spirit   .     S - +1 cloak
rCorr  .         Warding  .     E - +0 pair of gloves
rMut   .         Stasis   .     c - +0 pair of boots
MR     .....                    x - amulet of clarity
Stlth  ..........               e - ring of see invisible
                                y - +2 ring of strength

@: lethally poisoned (-8 -> -9), very slightly contaminated, hasted, very quick,
not resistant to hostile enchantments, extremely unstealthy
A: no striking features
a: Minor Destruction, Lesser Servant of Makhleb, Major Destruction, Greater
Servant of Makhleb, Renounce Religion


You were on level 12 of the Dungeon.
You worshipped Makhleb.
Makhleb was extremely pleased with you.
You were very hungry.

You visited 4 branches of the dungeon, and saw 16 of its levels.
You also visited: Ossuary.

You collected 867 gold pieces.
You spent 50 gold pieces at shops.

Inventory:

Hand weapons
 w - a +0 battleaxe of venom (weapon)
 K - a +0 whip of electrocution
Missiles
 d - 3 throwing nets
 t - 8 javelins of penetration
 D - 11 tomahawks
 J - 7 javelins (quivered)
 L - 3 tomahawks of returning
Armour
 c - a +0 pair of boots (worn)
 g - a +1 shield of poison resistance
 h - a +2 helmet of see invisible (worn)
 z - a +0 plate armour (worn)
 E - a +0 pair of gloves (worn)
 S - a +1 cloak (worn)
Jewellery
 e - a ring of see invisible (right hand)
 x - an amulet of clarity (around neck)
 y - a +2 ring of strength (left hand)
Scrolls
 a - 2 scrolls of summoning
 b - 4 scrolls of teleportation
 m - 2 scrolls of magic mapping
 q - 4 scrolls of recharging
 r - 6 scrolls of remove curse
 s - 6 scrolls of fog
Potions
 f - 4 potions of flight
 n - 3 potions of magic
 u - 3 potions of curing
 v - 2 potions of agility {unknown}
 A - a potion of invisibility {unknown}
 C - 4 potions of brilliance {unknown}
 H - 2 potions of berserk rage {unknown}
 I - a potion of mutation {unknown}
 R - 2 potions of heal wounds
Comestibles
 l - 4 slices of pizza
 o - 5 meat rations
 p - 2 beef jerkies
 B - 3 royal jellies
 F - 9 bread rations
 P - 24 fruits


   Skills:
 * Level 14.7 Fighting
 + Level 12.4 Axes
 - Level 4.0 Throwing
 + Level 9.9 Armour
 - Level 2.4 Dodging
 + Level 2.2 Shields
 * Level 7.9 Invocations


You had 11 spell levels left.
You didn't know any spells.

Dungeon Overview and Level Annotations

Branches:
Dungeon (12/15)            Temple (1/1) D:7            Lair (2/8) D:11
    Orc (1/4) D:9

Altars:
Ashenzari
Cheibriados
Dithmenos
Elyvilon
Fedhas
Gozag
Kikubaaqudgha
Makhleb
Nemelex Xobeh
Okawaru
Qazlal
Ru
Sif Muna
Trog
Vehumet
Xom
Yredelemnul
Zin
The Shining One

Shops:
D:10 !

Annotations:
D:7 exclusion: ice statue
D:10 exclusion: downstairs
D:12 Rupert


Message History

Rupert freezes you.
You barely miss Rupert.
Rupert is moderately wounded.
Rupert hits you with a battleaxe of freezing.
Rupert freezes you.
Your plate armour prevents you from hitting Rupert.
Rupert is moderately wounded.
You feel sick.
Rupert hits you with a battleaxe of freezing!
* * * LOW HITPOINT WARNING * * *
Rupert freezes you.
* * * LOW HITPOINT WARNING * * *
You hit Rupert.
Rupert is moderately wounded.
You completely miss Rupert.
Rupert is moderately wounded.
Rupert hits you with a battleaxe of freezing!!
* * * LOW HITPOINT WARNING * * *
Rupert freezes you!
You die...

#####+####
#........#
#........#
#.....†@.#
#.....>@)#
#........#
+........#
#........#
##########


You could see Rupert (berserk).

Vanquished Creatures
  Nergalle (Orc:1)
  Pikel (D:7)
  A manticore (D:11)
  The ghost of Volodja the Cleaver, an experienced HOFi of Beogh (D:6)
  A black mamba (Lair:1)
  2 ugly things (D:11)
  An elephant (D:11)
  Maurice (D:9)
  Psyche (D:12)
  A spiny frog (Lair:1)
  A komodo dragon (Lair:1)
  A troll (D:11)
  4 blink frogs (Lair:1)
  A two-headed ogre (D:9)
  A trapdoor spider (D:11)
  Sigmund (D:2)
  A wyvern (D:12)
  A deep elf mage (D:11)
  2 wraiths (D:11)
  12 yaks
  A warg (Orc:1)
  2 hungry ghosts
  A water moccasin (Lair:1)
  2 porcupines (Lair:1)
  Duvessa (D:4)
  2 black bears
  A necrophage (D:7)
  3 slaves (D:7)
  5 ogres
  2 wasps (D:11)
  5 orc warriors
  5 centaurs
  A phantom (D:11)
  An eye of draining (D:11)
  3 big kobolds
  4 elf zombies (Ossuary)
  11 giant frogs
  2 crocodiles
  Dowan (D:4)
  A wyvern skeleton (D:10)
  A scorpion (D:4)
  An electric eel (D:11)
  10 killer bees
  4 crimson imps
  4 orc priests
  A giant frog zombie (D:9)
  2 human zombies (Ossuary)
  15 orc wizards
  3 centaur zombies
  2 giant frog skeletons
  2 centaur skeletons
  2 gnoll shamans
  5 hounds
  3 iguanas
  10 worker ants
  7 sheep
  4 big kobold zombies (Ossuary)
  3 mummies (Ossuary)
  7 gnolls
  10 adders
  7 river rats (Lair:1)
  2 shadow imps
  An ooze (D:3)
  4 adder zombies
  2 adder skeletons
  2 worms (D:2)
  4 giant geckos
  57 orcs
  A bat skeleton (D:5)
  11 giant cockroaches
  21 hobgoblins
  10 jackals
  22 kobolds
  22 bats
  A giant gecko skeleton (D:7)
  5 giant newts
  20 goblins
  6 goblin zombies (Ossuary)
  4 hobgoblin zombies (Ossuary)
  2 kobold zombies (Ossuary)
  An orc zombie (Ossuary)
  4 quokkas
  2 quokka skeletons (D:9)
  4 quokka zombies (Ossuary)
  15 rats
  3 rat zombies (Ossuary)
419 creatures vanquished.

Vanquished Creatures (others)
  A hungry ghost (D:7)
  A slave (D:7)
  A scorpion (D:11)
  An orc (D:7)
4 creatures vanquished.

Grand Total: 423 creatures vanquished

Notes
Turn   | Place    | Note
--------------------------------------------------------------
     0 | D:1      | urechis the Hill Orc Gladiator began the quest for the Orb.
     0 | D:1      | Reached XP level 1. HP: 18/18 MP: 1/1
   151 | D:1      | Reached XP level 2. HP: 19/25 MP: 2/2
   594 | D:1      | Reached XP level 3. HP: 28/31 MP: 3/3
   928 | D:1      | You fall through a shaft!
  1397 | D:2      | Reached skill level 5 in Axes
  1397 | D:2      | Reached XP level 4. HP: 25/40 MP: 4/4
  1598 | D:2      | Noticed Sigmund
  1632 | D:2      | Killed Sigmund
  1632 | D:2      | Reached skill level 5 in Fighting
  1632 | D:2      | Reached XP level 5. HP: 30/48 MP: 5/5
  1632 | D:2      | Reached XP level 6. HP: 35/56 MP: 6/6
  1933 | D:2      | Found a white marble altar of Elyvilon.
  2027 | D:3      | Found a sparkling altar of Nemelex Xobeh.
  2232 | D:3      | Reached skill level 6 in Fighting
  2637 | D:4      | Noticed Duvessa
  2640 | D:4      | Noticed Dowan
  2647 | D:4      | Killed Duvessa
  2647 | D:4      | Reached XP level 7. HP: 62/64 MP: 7/7
  2663 | D:4      | Killed Dowan
  2761 | D:4      | Reached skill level 7 in Fighting
  4035 | D:5      | Entered Level 5 of the Dungeon
  5081 | D:5      | Found a sacrificial altar of Ru.
  5291 | D:5      | Reached skill level 8 in Fighting
  5291 | D:5      | Reached XP level 8. HP: 53/74 MP: 8/8
  5832 | D:6      | Reached skill level 5 in Armour
  6265 | D:6      | Found a glowing silver altar of Zin.
  6410 | D:6      | Noticed Volodja's ghost (experienced HOFi)
  6442 | D:6      | Killed Volodja's ghost
  6442 | D:6      | Reached skill level 9 in Fighting
  6442 | D:6      | Reached XP level 9. HP: 22/85 MP: 9/9
  6681 | D:7      | Found an ancient bone altar of Kikubaaqudgha.
  6755 | D:7      | Found a sand-covered staircase.
  6780 | D:7      | Reached skill level 10 in Fighting
  6840 | Ossuary  | Entered an ossuary
  7205 | D:7      | Noticed Pikel
  7237 | D:7      | Killed Pikel
  7237 | D:7      | Reached skill level 11 in Fighting
  7824 | D:7      | Found a staircase to the Ecumenical Temple.
  7844 | D:7      | Found a stormy altar of Qazlal.
  7846 | D:7      | Found a snail-covered altar of Cheibriados.
  7848 | D:7      | Found a shadowy altar of Dithmenos.
  7951 | D:7      | Noticed an ice statue
  8005 | Temple   | Entered the Ecumenical Temple
  8076 | Temple   | Became a worshipper of Makhleb the Destroyer
  8273 | D:8      | Found a white marble altar of Elyvilon.
  8313 | D:8      | Reached XP level 10. HP: 68/97 MP: 10/10
  8318 | D:8      | Reached skill level 10 in Axes
  8397 | D:8      | Reached skill level 12 in Fighting
  8884 | D:8      | Acquired Makhleb's first power
  8888 | D:8      | Reached skill level 1 in Invocations
  9128 | D:9      | Noticed Maurice
  9144 | D:9      | Killed Maurice
  9340 | D:9      | Found a staircase to the Orcish Mines.
 10075 | D:9      | Acquired Makhleb's second power
 10305 | Orc:1    | Entered Level 1 of the Orcish Mines
 10370 | Orc:1    | Noticed Nergalle
 10382 | Orc:1    | Noticed a spectral orc warlord
 10400 | Orc:1    | Killed Nergalle
 10654 | D:10     | Entered Level 10 of the Dungeon
 10774 | D:10     | Found Eraes's Distillery.
 10779 | D:10     | Reached skill level 13 in Fighting
 10779 | D:10     | Reached XP level 11. HP: 102/107 MP: 13/13
 10788 | D:10     | Bought a potion of heal wounds for 50 gold pieces
 11078 | D:10     | Acquired Makhleb's third power
 11702 | D:11     | Acquired Makhleb's fourth power
 11904 | D:11     | Reached skill level 5 in Invocations
 11985 | D:11     | Found a staircase to the Lair.
 13173 | D:11     | Reached skill level 14 in Fighting
 13757 | Lair:1   | Entered Level 1 of the Lair of Beasts
 14126 | Lair:1   | Reached XP level 12. HP: 62/118 MP: 17/17
 14579 | Lair:1   | Acquired Makhleb's fifth power
 14719 | Lair:1   | Reached skill level 1 in Shields
 15144 | D:12     | Noticed Rupert
 15144 | D:12     | Noticed Psyche
 15155 | D:12     | Killed Psyche
 15161 | D:12     | HP: 3/118 [Rupert/battleaxe of freezing (25)]
 15161 | D:12     | Mangled by Rupert

Vault maps used:
D:1:      dpeg_arrival_more_subterranean_lakeside_camping
D:2:      overflow_temple_1_default, first_bread, serial_park_tiny_2,
          uniq_sigmund
D:3:      nemelex_deck
D:4:      hangedman_decor_clover_reticule, uniq_duvessa
D:5:      lightli_sewer_entry_pipes, nicolae_ru_the_path_less_chosen
D:6:      nicolae_overflow_crystal_walls
D:7:      lemuel_ice_statue, kennysheep_mini_moat, grunt_temple_overflow_open,
          minmay_temple_entry_purple_smoke, enter_ossuary_1, uniq_pikel
D:8:      blue_anna_alchemist, minmay_holes, grunt_ministairs_2,
          elyvilon_altar_4
D:9:      orc_0_dummy, lightli_orcish_oven, uniq_maurice
D:10:     serial_shops, shop, serial_co_window_serial, co_window_paths_a,
          co_window_corner_a, co_window_paths_a, co_window_of_opportunity_a,
          co_window_paths_a, co_window_paths_a, co_window_paths_a,
          co_window_unsneaky_path_e, co_window_corner_b, co_window_broadway_b,
          co_window_broadway_c, co_window_of_opportunity_b, co_window_paths_c,
          co_window_unsneaky_path_d, glass_columns_b, glass_columns_b
D:11:     david_lair_generic, nrook_pool_corridor
D:12:     water_maze_lemuel, uniq_rupert, uniq_gastronok, uniq_psyche,
          uniq_nessos
Temple:   zaba_magenta_temple_12
Lair:1:   bh_autumn_forest_stairs
Lair:2:   fungi_pond_lemuel
Orc:1:    serial_shops, shop, uniq_nergalle
Ossuary:  minmay_ossuary_two_tombs

Action                   |  1- 3 |  4- 6 |  7- 9 | 10-12 || total
-------------------------+-------+-------+-------+-------++-------
Melee: War axe           |   141 |   135 |   427 |       ||   703
       Whip              |       |       |    95 |    97 ||   192
       Battleaxe         |       |       |       |   572 ||   572
Throw: Throwing net      |       |       |     3 |       ||     3
       Javelin           |       |       |       |     7 ||     7
  Use: Scroll            |       |       |     8 |    10 ||    18
       Potion            |       |       |     1 |     5 ||     6
  Eat: Chunk             |     2 |     3 |     9 |    19 ||    33
       Bread ration      |       |       |     2 |     1 ||     3
       Fruit             |       |       |     3 |       ||     3
